 Dungeon Crawl Stone Soup version 0.26.1-2-gb8aa6d0cf2 (webtiles) character file.

Game seed: 14764422798642247537

2895 Gadfly the Cudgeller (level 9, -2/88 HPs)
             Began as a Troll Berserker on Mar 4, 2021.
             Was an Elder of Trog.
             Slain by a wyvern (8 damage)
             ... on level 8 of the Dungeon.
             The game lasted 00:10:39 (6792 turns).

Gadfly the Cudgeller (Troll Berserker)              Turns: 6792, Time: 00:10:39

Health: -2/88      AC:  7    Str: 27    XL:     9   Next: 49%
Magic:  0/8        EV: 18    Int:  3    God:    Trog [****..]
Gold:   757        SH:  0    Dex: 12    Spells: 8/8 levels left

rFire    . . .     SeeInvis .   b - +2 quarterstaff (chaos)
rCold    . . .     Faith    .   (shield currently unavailable)
rNeg     . . .     Spirit   +   n - +1 animal skin
rPois    .         Reflect  .   (helmet restricted)
rElec    .         Harm     .   e - scarf {repulsion}
rCorr    .         Rampage  .   (gloves unavailable)
Will     .....                  (boots unavailable)
Stlth    +.........             s - amulet of guardian spirit
HPRegen  0.64/turn              q - +4 ring of evasion
MPRegen  0.11/turn              p - +4 ring of evasion

@: berserk cooldown, slowed, repel missiles, very slow
A: large, unfitting armour, claws 3, regeneration 1, shaggy fur 1, tough skin 3
a: Renounce Religion, Berserk, Trog's Hand, Brothers in Arms


You were on level 8 of the Dungeon.
You worshipped Trog.
Trog was greatly pleased with you.
You visited 2 branches of the dungeon, and saw 9 of its levels.

You collected 757 gold pieces.

Inventory:

Hand Weapons
 a - a +0 morningstar
 b - a +2 quarterstaff of chaos (weapon)
 l - a +0 war axe of venom
Armour
 e - a scarf of repulsion (worn)
 n - a +1 animal skin (worn)
Jewellery
 c - an uncursed ring of positive energy
 p - a +4 ring of evasion (right claw)
 q - a +4 ring of evasion (left claw)
 s - an amulet of guardian spirit (around neck)
 w - an uncursed ring of poison resistance
Wands
 r - a wand of enslavement (25) (quivered)
 x - a wand of acid (4)
 y - a wand of flame (10)
Scrolls
 d - 3 scrolls of magic mapping
 h - 2 scrolls of identify
 j - 4 scrolls of teleportation
 o - 5 scrolls of remove curse
 t - 2 scrolls of fear
 u - a scroll of enchant armour
 z - a scroll of brand weapon
Potions
 f - 3 potions of curing
 g - a potion of haste
 i - 2 potions of mutation
 k - a potion of cancellation
 m - a potion of might
 v - a potion of attraction


   Skills:
 + Level 5.1 Fighting
 * Level 6.7 Maces & Flails
 + Level 5.2 Armour
 - Level 2.4 Dodging
 * Level 5.7 Evocations


You had 8 spell levels left.
You didn't know any spells.
Your spell library was empty.

Dungeon Overview and Level Annotations

Branches:
Dungeon (8/15)             Temple (1/1) D:5
   Lair: D:8-11

Altars:
Ashenzari
Cheibriados
Dithmenos
Elyvilon
Fedhas
Gozag
Hepliaklqana
Kikubaaqudgha
Makhleb
Nemelex Xobeh
Okawaru
Qazlal
Ru
Sif Muna
Trog
Uskayaw
Vehumet
Wu Jian
Xom
Yredelemnul
Zin
The Shining One


Innate Abilities, Weirdness & Mutations

You are too large for most types of armour.
You have claws for hands.
Your natural rate of healing is unusually fast.
You are covered in fur. (AC +1)
You have extremely tough skin. (AC +3)


Message History

You are too injured to fight recklessly!
You are too injured to fight recklessly!
You are too injured to fight recklessly!
You are too injured to fight recklessly!
Unknown command.
You sock the wyvern!
The wyvern flickers and vanishes!
The leopard gecko completely misses you.
Something barely misses you. The leopard gecko closely misses you.
Something closely misses you.
You closely miss something. Something barely misses you.
The leopard gecko completely misses you.
Something closely misses you.
The leopard gecko bites you but does no damage.
Something bites you!!
* * * LOW HITPOINT WARNING * * *
The leopard gecko bites you but does no damage.
You miss something. Something bites you!!
* * * LOW HITPOINT WARNING * * *
The leopard gecko misses you. Something bites you!
You die...

# #.# #.. ♣♣♣
##♣+♣##
##!.Y##♣.♣.♣#..>..#
#.$⌠WHOl♣♣♣.'..8..+
##$5/##♣@♣.♣#..<..#
#.. #{♣♣♣.##♣+♣##
#.# #...†.# #
#.....# #.....#
#♣...♣# ♣♣.♣♣ ###


You could see a manticore, a phantom, a sky beast, an ogre and a leopard gecko.

Vanquished Creatures
  A harpy (D:8)
  An orc warrior (D:7)
  3 ice beasts
  A black bear (D:8)
  A sky beast (D:8)
  An ogre (D:7)
  4 phantoms
  A necrophage (D:6)
  A big kobold (D:7)
  A bullfrog (D:7)
  A gnoll sergeant (D:6)
  A wyvern zombie (D:8)
  A scorpion (D:6)
  An electric eel (D:7)
  A lava snake (D:7)
  A bullfrog zombie (D:5)
  5 hounds
  A bullfrog skeleton (D:4)
  2 orc wizards
  A centaur skeleton (D:7)
  An orc priest (D:7)
  Crazy Yiuf (D:3)
  Jessica (D:3)
  3 iguanas
  Natasha (thrice) (D:3)
  4 worker ants
  A killer bee zombie (D:5)
  A hound skeleton (D:7)
  A howler monkey zombie (D:7)
  A howler monkey skeleton (D:7)
  A worker ant zombie (D:7)
  9 adders
  15 gnolls
  A shadow imp (D:7)
  A white imp (D:3)
  2 ufetubi
  An adder zombie (D:5)
  3 worms
  A dart slug (D:1)
  8 leopard geckos
  6 orcs
  3 ball pythons
  5 giant cockroaches
  4 goblins
  7 hobgoblins
  2 jackals (D:5)
  8 kobolds
  5 quokkas
  8 bats
  5 frilled lizards
  A quokka skeleton (D:4)
  9 rats
152 creatures vanquished.

Notes
Turn   | Place    | Note
-------+----------+-------------------------------------------
     0 | D:1      | Gadfly the Troll Berserker began the quest for the Orb.
     0 | D:1      | Reached XP level 1. HP: 22/22 MP: 0/0
   242 | D:1      | Found a broken altar of Ashenzari.
   273 | D:1      | Reached XP level 2. HP: 29/29 MP: 1/1
   588 | D:1      | Reached skill level 1 in Armour
   621 | D:1      | Reached ** piety under Trog
   646 | D:1      | Reached skill level 1 in Evocations
   646 | D:1      | Reached XP level 3. HP: 27/36 MP: 2/2
   982 | D:2      | Reached skill level 3 in Maces & Flails
  1319 | D:2      | Reached XP level 4. HP: 44/44 MP: 3/3
  1499 | D:3      | Found a shadowy altar of Dithmenos.
  1501 | D:3      | Found a shimmering altar of Xom.
  1572 | D:3      | Noticed Jessica
  1591 | D:3      | Killed Jessica
  1592 | D:3      | Reached XP level 5. HP: 51/52 MP: 4/4
  1793 | D:3      | Noticed Natasha
  1805 | D:3      | Killed Natasha
  1850 | D:3      | Found a bloodstained altar of Trog.
  1871 | D:3      | Noticed Natasha
  1877 | D:3      | Killed Natasha
  1877 | D:3      | Reached *** piety under Trog
  1912 | D:3      | Found a runed translucent door.
  1913 | D:3      | Noticed Crazy Yiuf
  2040 | D:3      | Found a snail-covered altar of Cheibriados.
  2101 | D:3      | Reached XP level 6. HP: 60/61 MP: 5/5
  2121 | D:3      | Noticed Natasha
  2126 | D:3      | Killed Natasha
  2408 | D:3      | Killed Crazy Yiuf
  2582 | D:4      | Found a white marble altar of Elyvilon.
  2699 | D:4      | Found a sparkling altar of Nemelex Xobeh.
  2746 | D:4      | Reached XP level 7. HP: 47/67 MP: 6/6
  3024 | D:4      | Found a radiant altar of Vehumet.
  3104 | D:4      | Found a blossoming altar of Fedhas.
  3278 | D:4      | Reached skill level 4 in Maces & Flails
  3458 | D:5      | Entered Level 5 of the Dungeon
  3494 | D:5      | Found a broken altar of Ashenzari.
  3707 | D:5      | Found a staircase to the Ecumenical Temple.
  3735 | Temple   | Entered the Ecumenical Temple
  4066 | D:5      | Found a stormy altar of Qazlal.
  4224 | D:5      | Found a sacrificial altar of Ru.
  4633 | D:6      | Reached **** piety under Trog
  4646 | D:6      | Reached XP level 8. HP: 78/78 MP: 5/7
  4771 | D:6      | Found an opulent altar of Gozag.
  4771 | D:6      | Found a glowing silver altar of Zin.
  5199 | D:6      | Reached skill level 5 in Maces & Flails
  5879 | D:7      | Found a shimmering blue altar of Sif Muna.
  5937 | D:7      | Found an ancient bone altar of Kikubaaqudgha.
  6092 | D:7      | Reached skill level 5 in Evocations
  6142 | D:7      | Reached XP level 9. HP: 69/85 MP: 6/8
  6506 | D:7      | Reached skill level 6 in Maces & Flails
  6684 | D:8      | Reached skill level 5 in Armour
  6755 | D:8      | Noticed a manticore
  6756 | D:8      | Noticed a harpy
  6767 | D:8      | Killed a harpy
  6768 | D:8      | Reached skill level 5 in Fighting
  6792 | D:8      | Slain by a wyvern

Illustrated notes

Levels and vault maps discovered:
D:1:      giann_horns, layout_loops_cross, minmay_misc_feat_diagonals,
          evilmike_ruin_ashenzari
D:2:      minmay_chambers_of_twos, layout_rooms, minmay_strange_pillars
D:3:      layout_loops_ring, nicolae_overflow_crystal_walls,
          chequers_temple_overflow_statue_of_worship, trog_book,
          uniq_crazy_yiuf_cottage, uniq_jessica, uniq_natasha
D:4:      layout_rooms, kennysheep_mini, fiery_altar_vehumet,
          lemuel_doored_altar, chequers_serial_rivers_large_a,
          amcnicky_altar_gilded
D:5:      layout_loops_cross, old_standard_altar, nicolae_ru_path_of_blood,
          grunt_qazlal_clouds, minmay_temple_entry_sparse_star
D:6:      layout_gridville, grunt_temple_overflow_gold_and_silver,
          chequers_decorated_corner, minmay_manual_mail
D:7:      minmay_skewed_foursquare, layout_loops_corners,
          overflow_temple_1_default, general_overflow_altar,
          nicolae_lava_and_water, minmay_misc_feat_secret_circle,
          minmay_fractal_squares_gapless_5
D:8:      nzn_winding_woodlands_stair_cross [nzn_winding_woodlands_5x15_twine,
          nzn_winding_woodlands_center_pierced_h,
          nzn_winding_woodlands_5x15_parted, nzn_winding_woodlands_5x5_three,
          nzn_winding_woodlands_5x5_perimeter,
          nzn_winding_woodlands_5x15_pathside_ponds,
          nzn_winding_woodlands_center_lodge,
          nzn_winding_woodlands_5x15_lazy_stream], layout_basic, special_room
          [special_room_orc]
Temple:   jpeg_temple_island

Skill      XL: |  1  2  3  4  5  6  7  8  9 |
---------------+----------------------------+-----
Armour         | 1 2 3 4 5 |  5.2
Evocations     | 1 2 3 5 |  5.7
Maces & Flails | 3 4 5 6 |  6.7
Fighting       | 3 4 5 |  5.1
Dodging        | |  2.4

Action                   |  1- 3 |  4- 6 |  7- 9 || total
-------------------------+-------+-------+-------++-------
Melee: Mace              |   105 |   116 |       ||   221
       Quarterstaff      |       |    36 |   280 ||   316
Invok: Berserk           |     2 |     5 |     3 ||    10
Evoke: Wand              |       |       |     2 ||     2
  Use: Scroll            |     7 |     4 |     7 ||    18
       Potion            |       |     2 |     2 ||     4
 Stab: Sleeping          |     1 |     1 |     1 ||     3
       Paralysed         |       |       |     2 ||     2
Armor: Animal skin       |    27 |    89 |    64 ||   180
Dodge: Dodged            |    70 |    80 |   285 ||   435
       Repelled          |     1 |     1 |     4 ||     6
